Map: [ESL] Dragon Scales

Players

ShoWTimE

  • Race: Protoss Protoss
  • Spawn Location: 5:00

Wayne - Winner!

  • Race: Zerg Zerg
  • Spawn Location: 11:00

Event: ESL SC2 Masters 2023 Summer (Regionals)

VOD

Have the link to the VOD?

Description

Time

  • Played on: May 2, 2023, 12:04 p.m.
  • Length: 13:31

All games in this series

Show
View Real Time Build Order
Export as new Build Order

ShoWTimE Protoss 

Build Orders: 1 Gate Expand, Oracle Opening 

Get SALT Encoding   

  12  0:00  Probe  
  13  0:12  Probe  
  14  0:19  Pylon  
  14  0:24  Probe  
  15  0:37  Probe (Chrono Boost)  
  15  0:40  Gateway  
  16  0:46  Probe (Chrono Boost)  
  16  0:49  Assimilator  
  17  0:51  Probe (Chrono Boost)  
  18  1:03  Probe  
  19  1:15  Probe  
  20  1:26  Nexus  
  20  1:36  Cybernetics Core  
  20  1:38  Probe  
  21  1:43  Assimilator  
  21  1:50  Probe  
  21  1:53  Pylon  
  22  2:02  Probe  
  23  2:09  Adept (Chrono Boost)  
  23  2:14  Probe  
  26  2:25  Stargate  
  26  2:26  Probe (Chrono Boost)  
  27  2:30  Adept (Chrono Boost)  
  27  2:36  Warp Gate  
  29  2:38  Probe (Chrono Boost)  
  31  2:45  Probe (Chrono Boost)  
  31  2:47  Probe (Chrono Boost)  
  33  2:52  Probe x2 (Chrono Boost), Adept  
  36  3:03  Probe  
  36  3:04  Probe  
  38  3:05  Pylon  
  38  3:08  Oracle (Chrono Boost)  
  41  3:15  Probe  
  41  3:17  Probe  
  43  3:22  Adept  
  45  3:27  Probe, Gateway  
  45  3:29  Probe  
  47  3:34  Pylon  
  47  3:38  Oracle (Chrono Boost)  
  47  3:39  Probe  
  47  3:41  Probe  
  52  3:51  Probe  
  52  3:53  Probe  
  54  4:03  Nexus  
  54  4:04  Probe  
  54  4:05  Probe  
  54  4:08  Pylon  
  54  4:09  Oracle (Chrono Boost)  
  56  4:16  Probe  
  58  4:20  Probe  
  58  4:22  Assimilator x2  
  59  4:29  Probe  
  59  4:30  Adept x2  
  64  4:33  Probe, Pylon  
  65  4:41  Probe  
  65  4:43  Oracle (Chrono Boost)  
  65  4:45  Probe  
  67  4:47  Forge  
  67  4:49  Pylon  
  70  4:53  Probe  
  70  4:55  Adept x2  
  70  4:58  Probe  
  76  5:05  Probe  
  77  5:09  Robotics Facility  
  77  5:10  Probe  
  78  5:16  Adept x2  
  78  5:17  Probe  
  78  5:18  Probe  
  84  5:22  Probe  
  84  5:26  Shield Battery  
  85  5:29  Probe  
  85  5:30  Probe  
  85  5:31  Pylon  
  85  5:34  Probe  
  85  5:35  Protoss Ground Weapons Level 1 (Chrono Boost)  
  88  5:37  Sentry x2  
  88  5:41  Probe  
  88  5:42  Probe  
  94  5:46  Probe  
  95  5:50  Assimilator  
  95  5:53  Probe, Assimilator  
  95  5:54  Probe  
  97  5:59  Probe  
  91  6:05  Probe  
  91  6:06  Probe  
  91  6:11  Probe  
  94  6:14  Immortal (Chrono Boost)  
  94  6:15  Sentry  
  94  6:17  Probe  
  95  6:18  Probe, Robotics Bay  
  95  6:23  Probe  
  91  6:29  Twilight Council  
  91  6:31  Gateway x2  
  91  6:33  Gateway  
  91  6:36  Gateway  
  91  6:38  Zealot x2, Gateway  
  94  6:47  Observer (Chrono Boost), Photon Cannon  
  94  6:50  Gateway  
  94  6:54  Pylon  
  94  7:00  Zealot x2  
  98  7:02  Probe x2  
  98  7:03  Probe  
  98  7:07  Disruptor  
  95  7:10  Pylon, Charge  
  95  7:12  Dark Shrine  
  95  7:14  Nexus, Probe  
  99  7:21  Probe  
  100  7:28  Protoss Ground Weapons Level 2 (Chrono Boost)  
  100  7:29  Zealot x4, Shield Battery  
  108  7:31  Phoenix  
  108  7:32  Photon Cannon  
  110  7:37  Probe x3  
  110  7:40  Pylon  
  110  7:43  Disruptor (Chrono Boost), Photon Cannon x2  
  113  7:49  Probe x2  
  113  7:50  Probe  
  119  7:54  Pylon  
  118  8:01  Probe  
  118  8:04  Stalker x4  
  126  8:06  Phoenix (Chrono Boost)  
  126  8:12  Probe  
  128  8:14  Shield Battery  
  128  8:16  Shield Battery  
  128  8:23  Stalker x3  
  128  8:24  Phoenix (Chrono Boost)  
  136  8:31  Probe  
  136  8:32  Probe, Phoenix (Chrono Boost)  
  136  8:33  Probe, Assimilator  
  139  8:37  Pylon, Assimilator  
  139  8:40  Pylon  
  141  8:46  Dark Templar x3  
  147  8:50  Archon  
  147  8:55  Dark Templar  
  147  8:58  Phoenix (Chrono Boost), Blink  
  151  9:03  Zealot  
  151  9:07  Dark Templar x2  
  151  9:08  Dark Templar  
  159  9:13  Archon x2  
  153  9:18  Probe  
  153  9:21  Phoenix (Chrono Boost), Probe  
  153  9:28  Assimilator  
  152  9:31  Stargate, Zealot x2  
  152  9:34  Pylon  
  152  9:35  Shield Battery  
  152  9:36  Pylon  
  156  9:46  Phoenix (Chrono Boost)  
  156  9:49  Stalker x3  
  152  9:53  Probe  
  152  9:55  Stalker x4  
  149  10:00  Observer  
  149  10:03  Stalker  
  149  10:07  Phoenix (Chrono Boost), Probe  
  146  10:13  Probe  
  146  10:15  Phoenix (Chrono Boost)  
  146  10:18  Probe, Photon Cannon  
  146  10:19  Probe  
  146  10:21  Probe  
  139  10:24  Protoss Air Weapons Level 1 (Chrono Boost)  
  139  10:25  Probe  
  132  10:28  Phoenix (Chrono Boost)  
  132  10:30  Probe  
  132  10:31  Stalker x4  
  134  10:38  Observer  
  134  10:42  Dark Templar  
  131  10:47  Dark Templar  
  133  10:50  Phoenix (Chrono Boost)  
  133  10:56  Zealot x6  
  139  10:59  Phoenix (Chrono Boost)  
  139  11:04  Probe  
  139  11:05  Assimilator  
  139  11:10  Phoenix (Chrono Boost)  
  135  11:13  Disruptor (Chrono Boost)  
  135  11:17  Phoenix  
  134  11:19  Zealot x5  
  134  11:23  Archon  
  144  11:26  Dark Templar  
  144  11:27  Probe x2  
  146  11:38  Zealot x2  
  132  11:40  Disruptor (Chrono Boost)  
  132  11:46  Probe  
  126  11:47  Dark Templar  
  126  11:48  Probe  
  126  11:53  Archon  
  129  11:54  Stalker x3  
  129  11:59  Phoenix  
  136  12:01  Pylon  
  136  12:07  Zealot x3  
  135  12:24  Zealot  
  135  12:28  Disruptor (Chrono Boost)  
  133  12:31  Zealot x3  
  133  12:32  Probe  
  133  12:34  Pylon  
  134  12:43  Phoenix (Chrono Boost)  
  127  12:48  Stalker  
  127  12:49  Probe x2  
  127  12:50  Probe  
  107  12:59  Phoenix (Chrono Boost)  
  107  13:00  Stalker x4  
  107  13:02  Probe x3, Phoenix (Chrono Boost)  
  107  13:03  Probe  
  104  13:15  Zealot  
Show
View Real Time Build Order
Export as new Build Order

Wayne Zerg - Winner!

Build Orders: Hatch First 

Get SALT Encoding   

  12  0:00  Drone  
  13  0:12  Overlord  
  13  0:16  Drone  
  14  0:31  Drone x2  
  16  0:49  Hatchery  
  15  0:51  Drone  
  15  0:55  Drone  
  17  0:58  Drone  
  18  1:09  Extractor  
  17  1:14  Spawning Pool  
  17  1:18  Drone  
  17  1:20  Drone  
  18  1:29  Drone  
  19  1:39  Drone  
  20  1:50  Overlord  
  20  2:01  Queen x2  
  20  2:02  Zergling x4  
  26  2:12  Drone  
  26  2:13  Drone, Metabolic Boost  
  28  2:22  Drone  
  29  2:23  Drone  
  30  2:37  Hatchery  
  30  2:41  Drone  
  30  2:42  Drone  
  31  2:49  Queen  
  33  2:54  Overlord  
  33  2:55  Zergling x2  
  34  3:01  Drone  
  34  3:03  Drone  
  35  3:07  Zergling x2  
  35  3:11  Queen  
  38  3:13  Drone x2  
  38  3:14  Drone  
  38  3:19  Overlord  
  41  3:22  Drone  
  41  3:23  Drone  
  41  3:24  Drone  
  44  3:36  Queen  
  44  3:38  Zergling x4  
  44  3:39  Drone  
  49  3:42  Drone x3  
  52  3:49  Queen  
  52  3:54  Drone x2, Spore Crawler  
  55  4:01  Overlord  
  54  4:03  Drone x3  
  54  4:09  Overlord  
  57  4:16  Overlord  
  56  4:21  Drone x6  
  62  4:28  Zergling x4  
  63  4:33  Spore Crawler  
  63  4:35  Drone x4  
  66  4:43  Drone x2  
  68  4:50  Spore Crawler  
  68  4:51  Drone x4  
  71  4:55  Zergling x4  
  71  4:56  Hatchery  
  72  5:00  Lair  
  72  5:03  Overlord  
  72  5:04  Drone x4  
  76  5:10  Extractor, Evolution Chamber  
  76  5:11  Extractor  
  73  5:14  Drone x5  
  78  5:24  Overlord  
  78  5:27  Drone x3  
  80  5:32  Extractor, Overlord  
  80  5:33  Extractor  
  80  5:34  Extractor, Drone  
  80  5:35  Hatchery  
  74  5:36  Zergling x4  
  74  5:37  Drone x2  
  74  5:41  Drone x2  
  74  5:42  Zerg Melee Weapons Level 1  
  80  5:44  Zergling x2  
  80  5:47  Zergling x6  
  84  5:52  Zergling x6  
  85  5:58  Zergling x10  
  85  6:03  Spire  
  80  6:05  Zergling x2  
  80  6:06  Zergling x2  
  79  6:12  Zergling x2  
  74  6:18  Zergling x10  
  74  6:25  Drone x2  
  79  6:26  Drone x2  
  79  6:28  Drone  
  82  6:32  Queen  
  82  6:35  Drone x2  
  82  6:38  Roach Warren  
  82  6:39  Overlord  
  85  6:44  Overlord  
  85  6:45  Drone  
  85  6:46  Queen  
  86  6:47  Drone x2  
  86  6:49  Queen  
  86  6:53  Drone x6  
  94  6:55  Overseer  
  94  7:00  Overlord  
  92  7:04  Zergling x12  
  95  7:11  Spore Crawler  
  92  7:18  Drone x3  
  92  7:21  Drone x6  
  93  7:31  Mutalisk x7  
  93  7:34  Mutalisk  
  108  7:40  Extractor  
  108  7:42  Extractor  
  106  7:44  Zerg Flyer Weapons Level 1  
  106  7:45  Drone x6  
  106  7:49  Mutalisk x2  
  116  7:59  Overlord  
  116  8:03  Mutalisk x5  
  124  8:09  Overlord  
  124  8:12  Zergling x16  
  132  8:19  Mutalisk x3  
  138  8:23  Overlord x2  
  138  8:25  Mutalisk x2  
  141  8:31  Mutalisk  
  143  8:35  Overlord  
  143  8:38  Mutalisk x2  
  143  8:40  Zergling x10  
  152  8:44  Mutalisk  
  152  8:47  Mutalisk  
  156  8:49  Zergling x2  
  156  8:50  Zergling x8  
  156  8:53  Overlord  
  161  8:59  Mutalisk  
  161  9:00  Mutalisk  
  165  9:05  Hatchery  
  162  9:11  Overlord  
  162  9:12  Mutalisk x3  
  165  9:26  Mutalisk x3  
  165  9:28  Overlord  
  165  9:29  Zergling x18  
  180  9:32  Glial Reconstitution  
  180  9:37  Zerg Melee Weapons Level 2  
  177  9:46  Overlord  
  177  9:52  Zergling x12  
  173  9:53  Zergling x10  
  174  10:05  Roach x11  
  192  10:10  Overlord  
  192  10:13  Roach x5  
  197  10:19  Zergling x4  
  190  10:25  Overlord  
  190  10:27  Pneumatized Carapace, Overseer  
  183  10:34  Mutalisk x7  
  195  10:41  Zerg Flyer Weapons Level 2  
  193  10:47  Drone x6  
  197  10:53  Mutalisk  
  197  10:54  Mutalisk x2  
  193  10:58  Overlord  
  191  11:06  Zergling x16  
  192  11:17  Zergling x18  
  184  11:27  Zergling x12  
  180  11:35  Roach x2  
  180  11:39  Roach x2  
  178  11:40  Roach x3  
  178  11:43  Baneling Nest  
  178  11:44  Roach x8  
  185  11:50  Extractor x2, Spore Crawler  
  185  11:52  Mutalisk x4  
  190  11:55  Overseer  
  190  12:00  Mutalisk x3  
  192  12:12  Mutalisk  
  192  12:13  Mutalisk x4  
  192  12:15  Zergling x2  
  185  12:32  Zergling x24  
  187  12:48  Zergling x28  
  197  12:54  Zergling x6  
  171  13:08  Zergling x22  
Tags
 
Add a new tag
Caveats
  • Supply blocks, unpowered buildings, or Contaminate may cause inaccurate times.
  • Supply counts are checked every 10 seconds.